 Dungeon Sprint DCSS version 0.31-a0-841-g038b102fc3 (webtiles) character file.

Game seed: 3633474482974320875

26693 sircluck the Brawler (level 13, -9/156 HPs)
             Began as a Troll Berserker on Sept 27, 2023.
             Was the Champion of Trog.
             Mangled by an angel
             ... wielding a +3 whip of holy wrath
              (23 damage)
             ... in the Dungeon (Sprint VII: "The Pits").
             The game lasted 00:10:44 (2284 turns).

sircluck the Brawler (Troll Berserker)              Turns: 2284, Time: 00:10:45

Health: -9/156     AC:  6    Str: 38    XL:     13   Next: 0%
Magic:  12/12      EV: 14    Int:  3    God:    Trog [******]
Gold:   28         SH:  0    Dex:  9    Spells: 12/12 levels left

rFire   . .          .
                       - Unarmed
rCold   + . .        (no shield)
rNeg    . . .        h - +2 robe {rC+}
rPois   .            (helmet restricted)
rElec   .            (no cloak)
rCorr   .            (gloves unavailable)
SInv    .            (boots unavailable)
Will    .....        t - amulet of faith
Stlth   +            l - +3 ring of strength
HPRegen 1.26/turn    p - +3 ring of strength
MPRegen 0.13/turn

%: no teleportation, faith
@: on berserk cooldown, slowed, glowing, very slow
A: large, unfitting armour, claws 3, regeneration 1, shaggy fur 1, tough skin 1,
subdued magic 1
a: Renounce Religion, Berserk, Trog's Hand, Brothers in Arms


You were in the Dungeon.
You worshipped Trog.
Trog was exalted by your worship.
You visited 1 branch You collected 28 gold pieces.

Inventory:

Missiles
 q - 6 boomerangs (quivered)
Armour
 a - a +0 animal skin
 h - a +2 robe of cold resistance (worn)
Jewellery
 l - a +3 ring of strength (left claw)
 p - a +3 ring of strength (right claw)
 r - a ring of ice
 t - an amulet of faith (around neck)
 u - a ring of willpower
Wands
 x - a wand of paralysis (2)
Scrolls
 j - 2 scrolls of vulnerability
 k - a scroll of butterflies
 s - 2 scrolls of identify
 v - 2 scrolls of blinking
 w - 3 scrolls of fear
Potions
 b - 10 potions of curing
 c - 3 potions of heal wounds
 d - 2 potions of haste
 e - 4 potions of magic
 f - 7 potions of berserk rage
 g - a potion of lignification
 i - 3 potions of invisibility
 m - a potion of resistance
 n - a potion of mutation
 o - 2 potions of might


   Skills:
 + Level 17.3 Fighting
 + Level 17.1 Dodging
 + Level 20.0 Unarmed Combat


You had 12 spell levels left.
You didn't know any spells.
Your spell library was empty.

Dungeon Overview and Level Annotations

Branches:
Dungeon (1/1)

Altars:
Ashenzari
Cheibriados
Dithmenos
Elyvilon
Fedhas
Gozag
Hepliaklqana
Kikubaaqudgha
Makhleb
Nemelex Xobeh
Okawaru
Qazlal
Ru
Sif Muna
Trog
Uskayaw
Vehumet
Wu Jian
Xom
Yredelemnul
Zin
The Shining One
Jiyva
Lugonu


Innate Abilities, Weirdness & Mutations

You are too large for most types of armour.
You have claws for hands.
Your natural rate of healing is unusually fast.
You are covered in fur. (AC +1)
You have tough skin. (AC +1)
Your spells are a little easier to cast, but a little less powerful.


Message History

An angel comes into view. It is wielding a +3 whip of holy wrath.
You are too confused!
You feel a strong urge to attack something.
You bump into the metal wall.
You are no longer berserk.
You are exhausted.
You feel yourself slow down.
The spriggan berserker utters an invocation to Trog.
The spriggan berserker goes berserk!
You feel much better.
The angel hits you with a +3 whip of holy wrath!
* * * LOW HITPOINT WARNING * * *
The angel closely misses you.
The angel hits you with a +3 whip of holy wrath!
* * * LOW HITPOINT WARNING * * *
The angel hits you but does no damage.
A deep elf annihilator comes into view. It is wielding a +0 short sword.
Unknown command.
Unknown command.
Unknown command.
You bump into the metal wall.
The angel hits you with a +3 whip of holy wrath.
* * * LOW HITPOINT WARNING * * *
The angel hits you with a +3 whip of holy wrath.
* * * LOW HITPOINT WARNING * * *
The angel hits you with a +3 whip of holy wrath!
* * * LOW HITPOINT WARNING * * *
The angel misses you.
Okay, then.
You feel much better.
You feel less confused.
The angel hits you with a +3 whip of holy wrath!
* * * LOW HITPOINT WARNING * * *
The angel barely misses you.
The Ice Fiend calls on the powers of darkness!
The angel convulses!
Your body is wracked with pain!
* * * LOW HITPOINT WARNING * * *
The deep elf annihilator convulses!
The spriggan berserker convulses!
The angel hits you with a +3 whip of holy wrath!!
You die...

+..#....#..##++#++#..#
+..........##........
#..........##........#
###..#....#..##..#..#..#
.''..........##...i....#
.|'..........##.L......#
.##..#....#..##ie#i
)##..........''1A#
.##..........''.@#
.####''####''#####
.####''####''####################
.##......##.....................)
.##.#+##.##....))................
.##.# +.##..##############++####
.##.+ #.##..# ###.# +.##..# ###.+
#.##..#


You could see an angel, an Ice Fiend, a lich, a deep elf annihilator and a
spriggan berserker (berserk).

Vanquished Creatures
  A curse toe (D)
  A sphinx (D)
  A death cob (D)
  An emperor scorpion (D)
  2 eidola (D)
  A great orb of eyes (D)
  A merfolk avatar (D)
  A boulder beetle (D)
  A death yak (D)
  A naga warrior (D)
  A sun demon (D)
  A sixfirhy (D)
  A deep troll (D)
  A sea snake (D)
  A swamp dragon (D)
  An orc knight (D)
  A deep elf pyromancer (D)
  2 orc sorcerers (D)
  Joseph (D)
  A naga mage (D)
  An efreet (D)
  A freezing wraith (D)
  A rime drake (D)
  A guardian mummy (D)
  A troll (D)
  2 merfolk (D)
  A snapping turtle (D)
  4 dream sheep (D)
  2 spriggans (D)
  3 ynoxinuls (D)
  2 wyverns (D)
  A fire elemental (D)
  A redback (D)
  A neqoxec (D)
  2 nagas (D)
  A large abomination (D)
  A warg (D)
  A floating eye (D)
  4 orc warriors (D)
  2 black bears (D)
  An ice beast (D)
  6 wolves (D)
  2 bullfrogs (D)
  A scorpion (D)
  An earth elemental (D)
  A necrophage (D)
  9 wights (D)
  11 killer bees (D)
  A crimson imp (D)
  An orc priest (D)
  An iron imp (D)
  An orc wizard (D)
  A mummy (D)
  An adder (D)
  A river rat (D)
  An ufetubus (D)
  8 orcs (D)
  2 ball pythons (D)
  3 bats (D)
  A bat zombie (D)
  2 goblins (D)
  3 quokkas (D)
  A quokka skeleton (D)
  A quokka zombie (D)
116 creatures vanquished.

Vanquished Creatures (collateral kills)
  A draconian stormcaller (D)
  A yellow draconian (D)
  A centaur warrior (D)
  2 demonic crawlers (D)
  A shadow wraith (D)
  A naga ritualist (D)
  An orc knight (D)
  A cyclops (D)
  A hornet (D)
  A wyvern (D)
  A basilisk (D)
  A redback (D)
  2 vampire mosquitoes (D)
  An acid dragon (D)
  An orc warrior (D)
  2 orcs (D)
19 creatures vanquished.

Grand Total: 135 creatures vanquished

Notes
Turn   | Place    | Note
-------+----------+-------------------------------------------
     0 | D        | sircluck the Troll Berserker began the quest for the Orb.
     0 | D        | Reached XP level 1. HP: 22/22 MP: 0/0
    11 | D        | Noticed a necrophage
    24 | D        | Killed a necrophage
    25 | D        | Reached skill level 5 in Unarmed Combat
    25 | D        | Reached XP level 2. HP: 32/32 MP: 1/1
    25 | D        | Reached XP level 3. HP: 39/39 MP: 2/2
    64 | D        | Noticed a wyvern
    70 | D        | Reached XP level 4. HP: 44/49 MP: 3/3
    73 | D        | Killed a wyvern
    73 | D        | Reached ** piety under Trog
    74 | D        | Reached skill level 7 in Unarmed Combat
    74 | D        | Reached XP level 5. HP: 55/59 MP: 4/4
   106 | D        | Reached XP level 6. HP: 68/68 MP: 5/5
   110 | D        | Noticed a swamp dragon
   116 | D        | Reached skill level 8 in Unarmed Combat
   131 | D        | Killed a swamp dragon
   131 | D        | Reached *** piety under Trog
   132 | D        | Reached skill level 10 in Unarmed Combat
   132 | D        | Reached XP level 7. HP: 71/81 MP: 6/6
   201 | D        | Noticed an orc sorcerer
   209 | D        | Killed an orc sorcerer
   209 | D        | Reached **** piety under Trog
   210 | D        | Reached skill level 11 in Unarmed Combat
   210 | D        | Reached XP level 8. HP: 61/92 MP: 7/7
   241 | D        | Noticed an eidolon
   246 | D        | Killed an eidolon
   247 | D        | Reached skill level 10 in Fighting
   247 | D        | Reached skill level 10 in Dodging
   247 | D        | Reached skill level 12 in Unarmed Combat
   247 | D        | Reached XP level 9. HP: 102/102 MP: 8/8
   349 | D        | Found a bloodstained altar of Trog.
   349 | D        | Found a shimmering blue altar of Sif Muna.
   349 | D        | Found a viscous altar of Jiyva.
   349 | D        | Found a hazy altar of Hepliaklqana.
   349 | D        | Found an opulent altar of Gozag.
   350 | D        | Found a glowing golden altar of the Shining One.
   350 | D        | Found a glowing silver altar of Zin.
   350 | D        | Found a basalt altar of Yredelemnul.
   350 | D        | Found a shimmering altar of Xom.
   350 | D        | Found an ornate altar of the Wu Jian Council.
   350 | D        | Found a sacrificial altar of Ru.
   350 | D        | Found a stormy altar of Qazlal.
   350 | D        | Found an iron altar of Okawaru.
   350 | D        | Found a sparkling altar of Nemelex Xobeh.
   350 | D        | Found a burning altar of Makhleb.
   350 | D        | Found a blossoming altar of Fedhas.
   350 | D        | Found a white marble altar of Elyvilon.
   350 | D        | Found a shadowy altar of Dithmenos.
   350 | D        | Found a snail-covered altar of Cheibriados.
   354 | D        | Found a corrupted altar of Lugonu.
   354 | D        | Found a radiant altar of Vehumet.
   355 | D        | Found a broken altar of Ashenzari.
   355 | D        | Found an ancient bone altar of Kikubaaqudgha.
   355 | D        | Found a hide-covered altar of Uskayaw.
   408 | D        | Reached ***** piety under Trog
   436 | D        | Received a gift from Trog
   535 | D        | Identified the +2 rapier of Rasis {flame, rF+ Str+4} (Trog
                  | gifted it to you in the Dungeon)
   535 | D        | Received a gift from Trog
   591 | D        | Noticed a rime drake
   594 | D        | Killed a rime drake
   594 | D        | Reached ****** piety under Trog
   595 | D        | Reached skill level 13 in Unarmed Combat
   610 | D        | Received a gift from Trog
   759 | D        | Noticed a sea snake
   760 | D        | Noticed a merfolk
   766 | D        | Killed a sea snake
   769 | D        | Killed a merfolk
   769 | D        | Received a gift from Trog
   770 | D        | Reached XP level 10. HP: 115/115 MP: 9/9
   824 | D        | Noticed a deep elf pyromancer
   828 | D        | Gained mutation: Your spells are a little easier to cast,
                  | but a little less powerful. [a neqoxec]
   830 | D        | Reached skill level 14 in Unarmed Combat
   831 | D        | Killed a deep elf pyromancer
   979 | D        | Noticed a naga mage
   979 | D        | Noticed a naga warrior
   979 | D        | Noticed a naga ritualist
   985 | D        | Killed a naga ritualist
   989 | D        | Received a gift from Trog
   995 | D        | Killed a naga warrior
   996 | D        | Reached skill level 15 in Unarmed Combat
   998 | D        | Killed a naga mage
  1176 | D        | Noticed a boulder beetle
  1188 | D        | Killed a boulder beetle
  1196 | D        | Noticed a deep troll
  1198 | D        | Noticed an orc knight
  1207 | D        | Killed a deep troll
  1208 | D        | Reached XP level 11. HP: 22/127 MP: 10/10
  1216 | D        | Killed an orc knight
  1220 | D        | Received a gift from Trog
  1325 | D        | Reached skill level 16 in Unarmed Combat
  1405 | D        | Noticed Joseph
  1418 | D        | Received a gift from Trog
  1430 | D        | Killed Joseph
  1477 | D        | Noticed an orc sorcerer
  1477 | D        | Noticed a demonic crawler
  1477 | D        | Noticed an emperor scorpion
  1483 | D        | Killed a demonic crawler
  1484 | D        | Killed an orc sorcerer
  1494 | D        | Killed an emperor scorpion
  1494 | D        | Received a gift from Trog
  1495 | D        | Reached skill level 17 in Unarmed Combat
  1575 | D        | Noticed a death yak
  1575 | D        | Noticed a death cob
  1578 | D        | Paralysed by a floating eye for 2 turns
  1586 | D        | Killed a death cob
  1587 | D        | Reached skill level 15 in Fighting
  1592 | D        | Received a gift from Trog
  1597 | D        | Reached skill level 15 in Dodging
  1639 | D        | Received a gift from Trog
  1669 | D        | Killed a death yak
  1670 | D        | Reached skill level 18 in Unarmed Combat
  1670 | D        | Reached XP level 12. HP: 105/143 MP: 11/11
  1702 | D        | Received a gift from Trog
  1994 | D        | Paralysed by a hornet for 2 turns
  2001 | D        | Received a gift from Trog
  2066 | D        | Noticed a centaur warrior
  2068 | D        | Noticed an eidolon
  2074 | D        | Killed a centaur warrior
  2076 | D        | Killed an eidolon
  2076 | D        | Received a gift from Trog
  2105 | D        | Noticed a merfolk avatar
  2111 | D        | Killed a merfolk avatar
  2112 | D        | Reached skill level 19 in Unarmed Combat
  2123 | D        | Noticed a great orb of eyes
  2124 | D        | Paralysed by a great orb of eyes for 2 turns
  2127 | D        | Killed a great orb of eyes
  2127 | D        | Identified the +7 executioner's axe "Jerphi" {heavy, Will+
                  | Dex+2} (Trog gifted it to you in the Dungeon)
  2127 | D        | Received a gift from Trog
  2132 | D        | Noticed a demonic crawler
  2134 | D        | Killed a demonic crawler
  2140 | D        | Noticed a yellow draconian
  2142 | D        | Killed a yellow draconian
  2165 | D        | Noticed a white draconian stormcaller
  2170 | D        | Killed a white draconian stormcaller
  2178 | D        | Found the +3 pair of gauntlets of War {Slay+5}
  2180 | D        | Noticed a sphinx
  2183 | D        | Killed a sphinx
  2183 | D        | Received a gift from Trog
  2260 | D        | Noticed a curse toe
  2260 | D        | Noticed a lich
  2272 | D        | Noticed an Ice Fiend
  2278 | D        | Killed a curse toe
  2279 | D        | Reached skill level 20 in Unarmed Combat
  2279 | D        | Reached XP level 13. HP: 34/156 MP: 12/12
  2279 | D        | Noticed an angel
  2283 | D        | Noticed a deep elf annihilator
  2284 | D        | Mangled by an angel

Illustrated notes

Levels and vault maps discovered:
D:        pitsprint [storerooms_1, entrance_room_1, metal_vault_7, armoury_1,
          mini_pit_1, grid_room_1, main_hall_1, silver_pit, the_coven_1,
          the_vestibule_1, steel_vault_4, golden_pit, hallway_of_sentries,
          crystal_vault_1, iron_vault_2, final_vault]

Skill      XL: |  1  2  3  4  5  6  7  8  9 10 11 12 |
---------------+-------------------------------------+-----
Fighting       | 4 6 8 9 10 12 13 15 17 | 17.3
Dodging        | 4 6 8 9 10 11 13 15 17 | 17.1
Unarmed Combat | 5 7 10 11 12 13 15 18 20 | 20.0

Action                     |  1- 3 |  4- 6 |  7- 9 | 10-12 | 13-15 || total
---------------------------+-------+-------+-------+-------+-------++-------
  Melee: Unarmed           |     9 |    18 |   101 |   211 |       ||   339
         Punch             |       |       |     5 |    23 |       ||    28
 Invoke: Berserk           |     1 |     1 |     2 |     7 |       ||    11
         Brothers in Arms  |       |       |       |     8 |       ||     8
    Use: Potion            |       |       |       |     4 |     2 ||     6
         Scroll            |       |       |       |     2 |       ||     2
   Stab: Distracted        |       |       |       |     2 |       ||     2
 Armour: Animal skin       |     3 |    13 |     3 |       |       ||    19
         Robe              |       |       |    38 |   165 |     8 ||   211
  Dodge: Dodged            |     4 |     8 |    41 |   111 |     3 ||   167

Table legend: (Time is in decaauts)
 A = Elapsed time spent in this place.
 B = Non-inter-level travel time spent in this place.
 C = Inter-level travel time spent in this place.
 D = Time resting spent in this place.
 E = Time spent auto-exploring this place.
 F = Levels seen in this place.
 G = Mean time per level.
                   A        B        C        D        E       F      G
               +--------+--------+--------+--------+--------+-----+--------+
         Total |   2298 |   2123 |    175 |    772 |    163 |   1 | 2298.0 |
       Dungeon |   2298 |   2123 |    175 |    772 |    163 |   1 | 2298.0 |
               +--------+--------+--------+--------+--------+-----+--------+

Top non-repeatable levels by time:
       D: 2298 daAuts
